 Dungeon Crawl Stone Soup version 0.30-a0-782-ge64f9170bb (webtiles) character file.

Game seed: 2582399187074460599

1610412 bakla the Evocator (level 26, 218/218 HPs)
             Began as a Demonspawn Berserker on Feb 18, 2023.
             Was a High Priest of Trog.
             Escaped with the Orb
             ... and 3 runes!
             The game lasted 02:21:02 (76849 turns).

bakla the Evocator (Demonspawn Berserker)          Turns: 76849, Time: 02:21:02

Health: 218/218    AC: 35    Str: 42    XL:     26   Next: 96%
Magic:  6/6        EV: 23    Int:  8    God:    Trog [*****.]
Gold:   2589       SH: 21    Dex: 26    Spells: 25/25 levels left

rFire   + + +      SeeInvis +    T - +8 broad axe "Foirib" {antimagic, Fly rPois Will++ Stlth-}
rCold   + . .      Faith    .    V - +3 kite shield "Geizo" {+Blink rCorr Int+3}
rNeg    . . .      Spirit   .    K - +7 gold dragon scales
rPois   +          Reflect  .    (helmet unavailable)
rElec   +          Harm     .    l - +4 dragonskin cloak
rCorr   +          Rampage  .    p - +1 pair of gloves "Amih" {Dex+3}
Will    +++++                    B - +1 pair of boots "Dof Kalo" {Str+4} Stlth
                                 P - amulet of regeneration
HPRegen 1.36/turn                J - ring of Plog {rF- Will+ Str+2 Dex+9 SInv}
MPRegen 0.10/turn                N - ring of the Falcon {Drain rElec rF+++ Str+6 Int-4}

@: flying, studying Short Blades
A: horns 3, hurl damnation, powered by pain 2, spiny 3, torment resistance 1,
sanguine armour 3, demonic willpower, deformed body, low MP 1, mutation
resistance 1, sense surroundings 1, strong 1, inability to read after injury 1
0: Orb of Zot
}: 3/15 runes: serpentine, barnacled, abyssal
a: Hurl Damnation, Renounce Religion, Evoke Blink, Berserk, Trog's Hand,
Brothers in Arms


You escaped.
You worshipped Trog.
Trog was extremely pleased with you.
You visited 10 branches of the dungeon, and saw 49 of its levels.
You visited the Abyss 1 time.
You also visited: Ossuary and Ice Cave.

You collected 8063 gold pieces.
You spent 5474 gold pieces at shops.

Inventory:

Hand Weapons
 C - a +7 vampiric broad axe
 T - the +8 broad axe "Foirib" (weapon) {antimagic, Fly rPois Will++ Stlth-}
   (Trog gifted it to you on level 2 of the Elven Halls)

   rPois:     It protects you from poison.
   Fly:       It grants you flight.
   Will:      It greatly increases your willpower.
   Stlth:     It makes you less stealthy.
 Y - the +11 war axe of Prescription {heavy, rElec rN+ Str+2}
   (You took it off a naga on level 1 of the Snake Pit)

   Str:       It affects your strength (+2).
   rElec:     It insulates you from electricity.
   rN:        It protects you from negative energy.
Missiles
 f - 18 curare-tipped darts (quivered)
 o - 13 silver javelins
 u - a javelin
 U - 2 throwing nets
Armour
 l - the +4 dragonskin cloak (worn)
   (You took it off Tiamat on level 5 of the Realm of Zot)

   Avatar's Aegis: It grants the wearer a chance to resist fire, cold, poison,
   electricity, acid, and negative energy.
 p - the +1 pair of gloves "Amih" (worn) {Dex+3}
   (You bought it in a shop on level 2 of the Elven Halls)

   Dex:       It affects your dexterity (+3).
 t - a +2 cloak of cold resistance
 B - the +1 pair of boots "Dof Kalo" (worn) {Str+4}
   (You found it on level 3 of the Elven Halls)

   Str:       It affects your strength (+4).
 K - +7 gold dragon scales (worn)
 V - the +3 kite shield "Geizo" (worn) {+Blink rCorr Int+3}
   (You bought it in a shop on level 2 of the Orcish Mines)

   Int:       It affects your intelligence (+3).
   +Blink:    It lets you blink.
   rCorr:     It protects you from acid and corrosion.
 X - the +10 plate armour "Ykhanaem" {Dex+3}
   (You found it on level 13 of the Dungeon)

   Dex:       It affects your dexterity (+3).
Jewellery
 h - the ring "Angogu Yliu" {Fire Drain rElec Dex+3}
   (You took it off a deep elf death mage on level 3 of the Elven Halls)

   [ring of fire]

   It enhances your fire magic.
   Dex:       It affects your dexterity (+3).
   rF:        It protects you from fire.
   rC:        It makes you vulnerable to cold.
   rElec:     It insulates you from electricity.
   Drain:     It drains your maximum health when unequipped.
 G - a ring of the Octopus King {Wiz HP+2 AC+2 EV+2 SH+2}
   (You found it on level 3 of the Vaults)

   [ring of wizardry]

   It improves your spell success rate.
   AC:        It affects your AC (+2).
   EV:        It affects your evasion (+2).
   HP:        It affects your health (+2).
   SH:        It affects your SH (+2).
 J - the ring of Plog (left hand) {rF- Will+ Str+2 Dex+9 SInv}
   (You took it off a deep elf archer on level 3 of the Elven Halls)

   [ring of see invisible]

   Str:       It affects your strength (+2).
   Dex:       It affects your dexterity (+9).
   rF:        It makes you vulnerable to fire.
   SInv:      It lets you see invisible.
   Will:      It increases your willpower.
 N - the ring of the Falcon (right hand) {Drain rElec rF+++ Str+6 Int-4}
   (You took it off a mummy priest on level 3 of the Crypt)

   [ring of strength]

   Str:       It affects your strength (+6).
   Int:       It affects your intelligence (-4).
   rF:        It renders you almost immune to fire.
   rElec:     It insulates you from electricity.
   Drain:     It drains your maximum health when unequipped.
 P - an amulet of regeneration (around neck)
 W - the ring of Caref {Ice Str+3}
   (You took it off Josephina on level 4 of the Realm of Zot)

   [ring of ice]

   It enhances your ice magic.
   Str:       It affects your strength (+3).
   rF:        It makes you vulnerable to fire.
   rC:        It protects you from cold.
 Z - the ring of Poerorec {rCorr SInv}
   (You found it on level 14 of the Dungeon)

   [ring of resist corrosion]

   SInv:      It lets you see invisible.
   rCorr:     It protects you from acid and corrosion.
Wands
 b - a wand of flame (103)
 r - a wand of digging (5)
 O - a wand of iceblast (7)
 Q - a wand of acid (12)
Scrolls
 d - 8 scrolls of poison
 i - 21 scrolls of noise
 j - 6 scrolls of immolation
 v - 11 scrolls of fog
 w - 7 scrolls of fear
 y - a scroll of silence
 F - 3 scrolls of blinking
 I - 13 scrolls of teleportation
 R - 3 scrolls of magic mapping
Potions
 a - 2 potions of cancellation
 c - 13 potions of haste
 e - 14 potions of curing
 g - 3 potions of invisibility
 k - 7 potions of heal wounds
 m - 9 potions of degeneration
 q - 12 potions of lignification
 x - 5 potions of resistance
 z - 9 potions of might
 D - 8 potions of attraction
 E - a potion of ambrosia
 H - 10 potions of mutation
 M - 5 potions of flight
Miscellaneous
 n - a phantom mirror
 s - a condenser vane
 A - a phial of floods
 L - a box of beasts
 S - a lightning rod (4/4)


   Skills:
 - Level 20.0 Fighting
 - Level 19.6 Axes
 - Level 10.0 Throwing
 - Level 20.0 Armour
 - Level 19.7 Dodging
 - Level 19.7 Shields
 + Level 22.2 Evocations


You had 25 spell levels left.
You didn't know any spells.
Your spell library was empty.

Dungeon Overview and Level Annotations

Branches:
Dungeon (15/15)            Temple (0/1) D:4            Lair (5/5) D:10
 Shoals (4/4) Lair:3        Snake (4/4) Lair:3        Slime (0/5) Lair:5
    Orc (2/2) D:12            Elf (3/3) Orc:2        Vaults (4/5) D:14
  Crypt (3/3) Vaults:3       Tomb (0/3) Crypt:3      Depths (4/4) D:15
    Zot (5/5) Depths:4    Ossuary (visited)           IceCv (visited)

Altars:
Ashenzari
Cheibriados
Dithmenos
Gozag
Hepliaklqana
Kikubaaqudgha
Makhleb
Nemelex Xobeh
Qazlal
Ru
Sif Muna
Vehumet
Wu Jian
Xom
Yredelemnul

Shops:
D:3 *   D:5 =*   Orc:2 [(?[   Elf:1 :   Elf:2 [**   Elf:3 =   Shoals:2 (
Snake:1 *   Snake:4 [?::   Vaults:3 [:   Depths:4 ==!(

Portals:
Hell: Depths:1 Depths:2 Depths:3 Depths:4
Abyss: Snake:1 Depths:2 Depths:3
Pandemonium: Depths:2 Depths:4
Ziggurat: Depths:4

Annotations:
D:8 3 transporters
Shoals:3 Zilibas's ghost, adept MiBe
Snake:1 2 transporters, Kemp's ghost, adept MiMo
Elf:1 1 transporter
Elf:2 3 runed translucent doors
Zot:1 1 runed translucent door, Zeaxzic Paph's ghost, veteran OgBe
Zot:4 2 transporters, Zeaxzic Paph's ghost, veteran OgBe


Innate Abilities, Weirdness & Mutations

You have a pair of large horns on your head.
You can hurl damnation.
You sometimes gain power by taking damage.
You are completely covered in sharp spines.
You are resistant to unholy torment.
When seriously injured, your blood forms very thick armour. (AC +0)
You punish those that try to bend your will. (Will+)
Armour fits poorly on your strangely shaped body.
Your magical capacity is low. (-10% MP)
You are somewhat resistant to further mutation.
You passively map a small area around you.
Your muscles are strong. (Str +4, Int/Dex -1)
You occasionally lose the ability to read scrolls when taking damage.


Message History

The Executioner's magic leaks into the air.
Your headbutt misses the Executioner.
The Executioner is severely wounded.
You block the Executioner's attack. x2; The Executioner barely misses you.
The Executioner misses you. The Executioner barely misses you.
You block the Executioner's attack.
You slice the Executioner!!
The Executioner's magic leaks into the air.
The Executioner is almost dead.
You block the Executioner's attack. x3; The Executioner hits you!
The Executioner hits you but does no damage.
You block the Executioner's attack. You block the Executioner's attack.
The Executioner barely misses you.
The Executioner hits you but does no damage.
You block the Executioner's attack.
The Executioner hits you but does no damage.
The Executioner closely misses you.
The Executioner is struck by your spines.
You kill the Executioner!
Trog accepts your kill.
There is a stone staircase leading up here.
You fly upwards.
There is a stone staircase leading down here.
(D) Dungeon (T) Temple (L) Lair (A) Shoals (P) Snake Pit (M) Slime Pits (O) Orcish Mines (E) Elven Halls (V) Vaults (C) Crypt (W) Tomb (U) Depths (H) Hell (Z) Zot
Where to? (Enter - D:2, ? - help)
Okay, then.
Unknown command.
You hear a grinding noise.
You hear a grinding noise.
Aiming: Dig
Press: ? - help, Shift-Dir - straight line A rock wall.
This square is covered in magical glow.
The rock shatters into small pieces.
A cacodemon comes into view.
There is a staircase leading out of the dungeon here.
You have escaped!

####......#
.....###'###################
####.###'..................#
...#......##.........##..###
..........#8.........8##.#
..........#...8...8...##.#
....####.##8.........8##.#
.........###.........###.#
#######..# ####8@8#### #.#
.....#...# ##.## #.#
.#..#....# #.# #.#
.#.#...#.# #.# #.#
###....#.### #.# #.#
...........# #.#######.#
.....###...#####2##...##.#
....#.#.#........#....'..#
†..#..#..#[#####.#....####


You could see a cacodemon.

Vanquished Creatures
  A pandemonium lord (Depths:3)
  Tiamat (Zot:5)
  6 dread liches (Zot:5)
  2 ancient liches
  An orb of fire (Zot:4)
  A juggernaut (Depths:4)
  Sojobo (Crypt:3)
  3 Killer Klowns (Zot:5)
  Frederick (Vaults:3)
  Josephina (Zot:4)
  A curse toe (Zot:4)
  The ghost of Qiokh the Slayer, a veteran MiBe of Trog (Elf:2)
  9 golden dragons
  Nikola (Vaults:1)
  2 profane servitors
  2 bone dragons
  3 doom hounds (Zot:4)
  5 electric golems
  A Tzitzimitl (Zot:4)
  Jorgrun (D:14)
  11 tentacled monstrosities
  Rupert (D:14)
  A lich (Abyss:3)
  21 Orb Guardians (Zot:5)
  Grunn (Zot:4)
  Mlioglotl (Snake:2)
  2 deep elf blademasters (Elf:3)
  A titan (Vaults:3)
  A quicksilver dragon (shapeshifter) (Depths:3)
  6 quicksilver dragons
  A deep elf master archer (Elf:3)
  10 ancient champions
  3 Executioners
  4 tengu reavers
  6 death cobs
  6 shadow dragons
  Kirke (Snake:2)
  4 sphinxes
  9 storm dragons
  6 nagarajas
  12 fire giants
  4 revenants (Crypt:3)
  9 draconian monks
  Ilsuiw (Shoals:2)
  5 draconian knights
  4 deep elf sorcerers
  9 frost giants
  Aizul (Snake:1)
  7 draconian scorchers
  A balrug (Depths:1)
  5 ghost moths
  7 ghouls
  7 draconian shifters
  2 deep elf elementalists (Elf:3)
  10 vault wardens
  6 curse skulls
  2 draconian stormcallers (Zot:2)
  An angel (Depths:4)
  3 draconian annihilators
  13 stone giants
  20 ironbound preservers
  11 ironbound thunderhulks
  11 vampire knights
  5 very ugly things
  13 green draconians
  3 war gargoyles
  2 reapers
  An elemental wellspring (Shoals:3)
  6 deep elf demonologists (Elf:3)
  9 black draconians
  14 dire elephants
  7 spark wasps (Depths:4)
  6 white draconians
  20 yellow draconians
  8 deep elf annihilators
  7 purple draconians
  12 red draconians
  4 eidola
  A crystal guardian (Vaults:4)
  11 deep elf death magi
  A green death (Abyss:3)
  7 merfolk javelineers
  The ghost of FacelessVoid the Slicer, a journeyman DsWn of Gozag (Lair:3)
  An entropy weaver (Vaults:4)
  8 ettins
  9 merfolk impalers
  2 mummy priests (Crypt:3)
  12 fire dragons
  4 spriggan zombies (Crypt:3)
  10 jiangshi
  12 vault guards
  3 deep elf high priests
  10 yaktaur captains
  Fannar (Lair:1)
  8 rakshasas
  3 peacekeepers
  A caustic shrike simulacrum (Crypt:3)
  7 great orbs of eyes
  The ghost of timneilson the Protected, a journeyman GrFi of Okawaru (D:11)
  A fenstrider witch zombie (Crypt:3)
  8 ice dragons
  7 spriggan air magi
  A catoblepas (Lair:1)
  3 salamander tyrants
  A hydra (shapeshifter) (Vaults:3)
  8 hydras
  19 centaur warriors
  2 ogre magi
  5 merfolk avatars
  15 anacondas
  4 two-headed ogres
  6 ironbound frosthearts
  3 death knights
  3 spriggan skeletons
  4 merfolk aquamancers
  An Orb Guardian skeleton (Crypt:1)
  A fenstrider witch skeleton (Crypt:3)
  2 alligator snapping turtles
  3 boulder beetles
  3 deep troll earth magi
  17 naga warriors
  4 vampire magi
  17 dancing weapons
  4 satyrs
  5 tengu warriors
  2 death yaks (Lair:5)
  2 deep troll shamans
  An orc high priest (Orc:1)
  11 hell knights (Depths:4)
  4 spriggan berserkers
  4 hell hogs (Abyss:3)
  3 spriggans (Lair:3)
  12 naga sharpshooters
  15 thrashing horrors (Abyss:3)
  A sun demon (Depths:1)
  14 deep elf knights
  A titan skeleton (Crypt:1)
  2 soul eaters
  5 salamander mystics
  8 shock serpents
  4 iron trolls
  21 skeletal warriors
  A wretched star (Abyss:3)
  4 skysharks
  A sixfirhy (Abyss:1)
  A spectral death yak (Lair:5)
  7 shadow wraiths
  58 deep trolls
  A spectral anaconda (Lair:5)
  6 spatial maelstroms (Abyss:3)
  9 deep elf archers
  A bunyip zombie (Crypt:3)
  2 shadow demons (Abyss:3)
  11 sea snakes
  13 wizards
  14 naga ritualists
  6 flayed ghosts
  A lindwurm (Vaults:3)
  22 harpies
  2 orc knights (Orc:2)
  An orb spider (Abyss:3)
  A tengu zombie (Vaults:1)
  2 obsidian statues
  26 deep elf pyromancers
  18 necromancers
  An anaconda skeleton (Crypt:3)
  20 ironbound convokers
  3 wolf spider zombies (D:15)
  An orc sorcerer (D:15)
  38 ugly things
  13 mana vipers
  12 phantasmal warriors
  16 deep elf zephyrmancers
  17 salamanders
  19 manticores
  2 stone giant zombies
  6 fauns
  A goliath frog skeleton (Crypt:2)
  11 cyclopes
  23 moths of wrath
  3 worldbinders (Abyss:3)
  An iron dragon skeleton (Crypt:1)
  A will-o-the-wisp (Abyss:3)
  41 black mambas
  43 elephants
  An elephant (shapeshifter) (Vaults:3)
  21 naga magi
  An apocalypse crab (Abyss:1)
  6 water nymphs
  10 merfolk sirens
  6 guardian serpents
  12 vault sentinels
  3 smoke demons
  A black mamba (shapeshifter) (D:15)
  A frost giant skeleton (Vaults:2)
  A stone giant skeleton (Crypt:2)
  3 ice statues
  3 hellions (Abyss:3)
  4 orange demons (Abyss:3)
  15 cane toads
  An unseen horror (shapeshifter) (D:14)
  4 centaur skeletons
  A naga skeleton (Abyss:3)
  An efreet (Abyss:3)
  Maggie (D:7)
  A dire elephant skeleton (Lair:5)
  4 freezing wraiths
  35 yaktaurs
  4 unseen horrors
  A kobold demonologist (D:12)
  14 komodo dragons
  A sea snake zombie (Crypt:2)
  4 tengu conjurers
  2 tormentors
  7 ancient zymes (Abyss:3)
  7 ice devils
  A guardian mummy (Crypt:3)
  A mana viper zombie (Crypt:2)
  A sea snake skeleton (Crypt:3)
  A meliai (shapeshifter) (Elf:3)
  2 polar bears
  4 trolls
  8 wind drakes
  15 merfolk
  25 raiju (Abyss:3)
  2 harpy zombies
  A hornet (Lair:3)
  16 large abominations
  A sphinx simulacrum (Vaults:2)
  6 dream sheep (Shoals:4)
  3 harpy skeletons
  12 snapping turtles
  39 slime creatures
  An ettin zombie (Crypt:3)
  22 blink frogs
  A raiju (shapeshifter) (D:14)
  A meliai zombie (D:15)
  2 ice dragon skeletons (Crypt:2)
  2 centaur simulacra
  2 ynoxinuls (Abyss:3)
  A culicivora (shapeshifter) (D:14)
  26 water elementals
  A dire elephant simulacrum (IceCv)
  2 air elementals
  A shadow (D:12)
  5 wyverns
  11 wraiths
  3 ushabtiu (Crypt:3)
  8 flying skulls
  3 vampires
  35 starcursed masses (Abyss:3)
  3 fire elementals
  57 yaks
  A fire bat (shapeshifter) (Depths:3)
  4 basilisks
  3 hogs (Snake:2)
  17 humans (D:14)
  A human (shapeshifter) (Depths:2)
  A redback (Vaults:4)
  A black mamba skeleton (Crypt:3)
  A neqoxec (Abyss:3)
  2 death yak simulacra (Lair:5)
  15 vampire mosquitoes
  A black draconian simulacrum (Zot:4)
  2 human simulacra
  A yaktaur simulacrum (Vaults:2)
  6 spatial vortices (Abyss:3)
  A fire bat zombie (Crypt:3)
  A warg (Orc:2)
  2 harpy simulacra (IceCv)
  3 acid dragons
  A cane toad zombie (Crypt:3)
  41 nagas
  A spectral cane toad (Lair:5)
  10 water moccasins
  A glowing shapeshifter skeleton (Crypt:1)
  A glowing shapeshifter zombie (Vaults:2)
  Duvessa (D:6)
  A floating eye (Depths:2)
  An ogre skeleton (Vaults:2)
  A fire bat skeleton (Crypt:3)
  A sky beast (D:6)
  2 elephant zombies (Lair:5)
  A swamp drake (D:10)
  An ice beast (D:7)
  31 orc warriors
  A manticore zombie (Crypt:2)
  4 black bears (Lair:2)
  A swamp dragon zombie (Crypt:1)
  An ice dragon simulacrum (Crypt:1)
  2 black mamba simulacra
  A snapping turtle skeleton (Crypt:2)
  8 ogres
  A lindwurm skeleton (Crypt:3)
  12 centaurs
  7 wolves
  A phantom (D:5)
  An elephant skeleton (Lair:5)
  A manticore skeleton (Crypt:1)
  3 human skeletons
  Blork the orc (D:5)
  8 bullfrogs
  A gnoll sergeant (Orc:1)
  4 two-headed ogre simulacra (IceCv)
  An earth elemental (Abyss:3)
  4 kobold brigands
  2 cane toad simulacra
  5 necrophages
  3 scorpions
  5 small abominations
  9 wights
  A yaktaur skeleton (Crypt:1)
  Dowan (D:6)
  2 elephant simulacra (Lair:5)
  A queen bee zombie (Crypt:2)
  A polar bear skeleton (Crypt:2)
  3 electric eels
  4 howler monkeys
  A crimson imp (D:5)
  2 quasits (Abyss:3)
  10 centaur zombies
  2 jellies
  A black bear zombie (Crypt:3)
  12 orc priests
  3 hounds
  A human zombie (Ossuary)
  Ijyb (D:3)
  Natasha (thrice) (D:3)
  A gnoll bouda (D:5)
  2 iguanas
  17 orc wizards
  2 boggart zombies (D:15)
  A troll simulacrum (IceCv)
  4 polar bear simulacra (IceCv)
  A wolf simulacrum (IceCv)
  An acid dragon zombie (Crypt:3)
  A sky beast zombie (Crypt:3)
  3 mummies (Ossuary)
  14 gnolls
  6 adders
  4 naga simulacra (IceCv)
  2 shadow imps (D:7)
  17 white imps
  5 ufetubi
  An adder zombie (Crypt:3)
  A worm (D:2)
  3 dart slugs
  52 orcs
  2 endoplasms
  2 giant cockroaches
  5 goblins
  5 hobgoblins
  15 kobolds
  2 quokkas
  5 ball pythons
  2 bats
  4 frilled lizards
  A goblin zombie (Ossuary)
  A hobgoblin skeleton (Crypt:1)
  A kobold zombie (Ossuary)
  3 orc zombies (Ossuary)
  A lurking horror (Abyss:3)
2240 creatures vanquished.

Vanquished Creatures (collateral kills)
  An ancient lich (Zot:5)
  An orb of fire (Zot:5)
  Vashnia (Snake:4)
  4 Orb Guardians (Zot:5)
  A deep elf master archer (Elf:3)
  A death cob (Zot:5)
  A draconian monk (Zot:5)
  2 draconian knights (Zot:5)
  A draconian scorcher (Zot:5)
  A draconian annihilator (Zot:5)
  2 green draconians
  A deep elf annihilator (Elf:3)
  3 black draconians (Zot:5)
  A white draconian (Zot:5)
  A red draconian (Zot:5)
  2 yellow draconians
  2 naga sharpshooters (Snake:4)
  A sea snake (shapeshifter) (Elf:3)
  A draconian simulacrum (Zot:4)
  A spatial vortex (Abyss:3)
  A moth of wrath simulacrum (Zot:4)
30 creatures vanquished.

Vanquished Creatures (others)
  A skeletal warrior (Crypt:3)
  A sea snake (Shoals:4)
  A wizard (Vaults:3)
  A deep elf pyromancer (Elf:2)
  A deep elf zephyrmancer (Elf:2)
  A merfolk siren (Shoals:3)
  A water nymph (Shoals:4)
  A storm dragon simulacrum (Zot:4)
  A moth of wrath simulacrum (Zot:4)
  35 fungi
  134 plants
  22 withered plants (Lair:5)
200 creatures vanquished.

Grand Total: 2470 creatures vanquished

Notes
Turn   | Place    | Note
-------+----------+-------------------------------------------
     0 | D:1      | bakla the Demonspawn Berserker began the quest for the Orb.
     0 | D:1      | Reached XP level 1. HP: 18/18 MP: 1/1
   236 | D:1      | Gained mutation: You are partially covered in sharp spines.
                  | [demonic ancestry]
   236 | D:1      | Reached XP level 2. HP: 22/24 MP: 2/2
  1553 | D:2      | Gained mutation: You are mostly covered in sharp spines.
                  | [demonic ancestry]
  1553 | D:2      | Reached XP level 3. HP: 29/29 MP: 3/3
  1962 | D:3      | Found Yshapisuu's Assorted Antiques.
  1971 | D:3      | Gained mutation: You have a pair of small horns on your
                  | head. [demonic ancestry]
  1971 | D:3      | Reached XP level 4. HP: 34/37 MP: 4/4
  2004 | D:3      | Bought a silver ring for 120 gold pieces
  2108 | D:3      | Noticed Ijyb
  2120 | D:3      | Killed Ijyb
  2238 | D:3      | Noticed Natasha
  2244 | D:3      | Killed Natasha
  2342 | D:3      | Noticed Natasha
  2350 | D:3      | Killed Natasha
  2351 | D:3      | Gained mutation: When seriously injured, your blood forms
                  | armour. (AC +0) [demonic ancestry]
  2351 | D:3      | Reached XP level 5. HP: 28/42 MP: 5/5
  2352 | D:3      | Noticed Natasha
  2359 | D:3      | Killed Natasha
  2675 | D:4      | Reached ** piety under Trog
  2739 | D:4      | Found a sparkling altar of Nemelex Xobeh.
  2756 | D:4      | Found a sacrificial altar of Ru.
  2865 | D:4      | Found a staircase to the Ecumenical Temple.
  3011 | D:4      | Reached skill level 5 in Axes
  3475 | D:5      | Entered Level 5 of the Dungeon
  3572 | D:5      | Found Gozag's Platinum Reserve.
  3572 | D:5      | Found an opulent altar of Gozag.
  3694 | D:5      | Gained mutation: You sometimes gain a little power by
                  | taking damage. [demonic ancestry]
  3694 | D:5      | Reached XP level 6. HP: 44/49 MP: 6/6
  3861 | D:5      | Found Miot's Jewellery Shoppe.
  3863 | D:5      | Noticed Blork the orc
  3872 | D:5      | Killed Blork the orc
  3873 | D:5      | Reached skill level 5 in Fighting
  3974 | D:5      | Gained mutation: You have a pair of horns on your head.
                  | [demonic ancestry]
  3974 | D:5      | Reached XP level 7. HP: 44/56 MP: 7/7
  4313 | D:5      | Found a burning altar of Makhleb.
  5275 | D:6      | Found a sand-covered staircase.
  5288 | Ossuary  | Entered an ossuary
  5560 | Ossuary  | Reached *** piety under Trog
  5561 | Ossuary  | Reached XP level 8. HP: 64/64 MP: 8/8
  5728 | Ossuary  | Gained mutation: You have a pair of large horns on your
                  | head. [potion of mutation]
  5728 | Ossuary  | Gained mutation: You passively map a small area around you.
                  | [potion of mutation]
  5728 | Ossuary  | Gained mutation: Your muscles are strong. (Str +4, Int/Dex
                  | -1) [potion of mutation]
  5728 | Ossuary  | Gained mutation: You possess an exceptional clarity of
                  | mind. [potion of mutation]
  6300 | D:6      | Noticed Dowan
  6301 | D:6      | Noticed Duvessa
  6307 | D:6      | Killed Duvessa
  6310 | D:6      | Killed Dowan
  7019 | D:7      | Noticed Maggie
  7025 | D:7      | Killed Maggie
  7026 | D:7      | Gained mutation: When seriously injured, your blood forms
                  | thick armour. (AC +0) [demonic ancestry]
  7026 | D:7      | Reached XP level 9. HP: 72/72 MP: 9/9
  7078 | D:7      | You fall into a shaft and drop 3 floors!
  7078 | D:10     | Entered Level 10 of the Dungeon
  7099 | D:9      | Noticed a manticore
  7103 | D:9      | Killed a manticore
  7266 | D:9      | Found a radiant altar of Vehumet.
  7267 | D:9      | Found a shimmering blue altar of Sif Muna.
  7267 | D:9      | Found a broken altar of Ashenzari.
  7270 | D:9      | Found a hazy altar of Hepliaklqana.
  7406 | D:7      | Found a transporter.
  7409 | D:7      | Noticed a manticore
  7413 | D:7      | Found a transporter.
  7418 | D:7      | Noticed a boulder beetle
  7421 | D:7      | Found a shadowy altar of Dithmenos.
  7421 | D:7      | Found an ornate altar of the Wu Jian Council.
  7422 | D:7      | Found a stormy altar of Qazlal.
  8102 | D:8      | Found a transporter.
  8102 | D:8      | Found a transporter.
  8104 | D:8      | Found a transporter.
  8104 | D:8      | Found a transporter.
  8357 | D:8      | Reached skill level 5 in Armour
  8406 | D:8      | Reached skill level 10 in Axes
  9090 | D:9      | Gained mutation: You are completely covered in sharp
                  | spines. [demonic ancestry]
  9090 | D:9      | Reached XP level 10. HP: 76/82 MP: 7/10
  9090 | D:9      | Reached **** piety under Trog
  9972 | D:10     | Found a snail-covered altar of Cheibriados.
 10219 | D:10     | Noticed a two-headed ogre
 10224 | D:10     | Killed a two-headed ogre
 10576 | D:10     | Found a staircase to the Lair.
 10971 | D:11     | Found a transporter.
 10971 | D:11     | Found a transporter.
 10979 | D:11     | Reached XP level 11. HP: 86/90 MP: 11/11
 10989 | D:11     | Reached skill level 10 in Fighting
 11188 | D:11     | Noticed a brown ugly thing
 11195 | D:11     | Killed a brown ugly thing
 11437 | D:11     | Noticed a two-headed ogre
 11449 | D:11     | Noticed a red ugly thing
 11469 | D:11     | Noticed a two-headed ogre
 12085 | D:11     | Noticed timneilson's ghost (journeyman GrFi)
 12425 | Lair:1   | Entered Level 1 of the Lair of Beasts
 12425 | Lair:1   | Found a shadowy altar of Dithmenos.
 12432 | Lair:1   | Noticed Fannar
 12450 | Lair:1   | Killed Fannar
 13256 | Lair:1   | Gained mutation: You sometimes gain power by taking damage.
                  | [demonic ancestry]
 13256 | Lair:1   | Reached XP level 12. HP: 64/100 MP: 9/12
 13660 | Lair:1   | Reached ***** piety under Trog
 13887 | Lair:1   | Noticed a catoblepas
 13898 | Lair:1   | Killed a catoblepas
 14070 | Lair:1   | Noticed an eight-headed hydra
 14080 | Lair:1   | Killed a ten-headed hydra
 14365 | Lair:2   | Identified a scroll of acquirement
 14381 | Lair:2   | Acquired a manual of Fighting
 14820 | Lair:2   | Reached skill level 15 in Axes
 15339 | Lair:3   | Found a staircase to the Shoals.
 15487 | Lair:3   | Found a staircase to the Snake Pit.
 15851 | Lair:3   | Reached skill level 5 in Dodging
 15975 | Lair:3   | Found a runed translucent door.
 15977 | Lair:3   | Noticed FacelessVoid's ghost (journeyman DsWn)
 16025 | Lair:3   | Mutation became permanent: You have a pair of horns on your
                  | head. [demonic ancestry]
 16025 | Lair:3   | Gained mutation: You have a pair of large horns on your
                  | head. [demonic ancestry]
 16025 | Lair:3   | Reached XP level 13. HP: 109/109 MP: 13/13
 16646 | Lair:3   | Identified the +7 trident of Tension {heavy, rC+++ Stlth-}
 17660 | Lair:5   | Entered Level 5 of the Lair of Beasts
 17973 | Lair:5   | Received a gift from Trog
 19608 | Lair:5   | Found a staircase to the Slime Pits.
 19917 | Lair:5   | Noticed a dire elephant
 19917 | Lair:5   | Noticed a dire elephant
 19918 | Lair:5   | Noticed a dire elephant
 19920 | Lair:5   | Reached XP level 14. HP: 120/120 MP: 14/14
 20136 | Lair:5   | Received a gift from Trog
 21385 | D:11     | Reached skill level 15 in Fighting
 21756 | D:11     | Killed timneilson's ghost
 22681 | D:12     | Found a staircase to the Orcish Mines.
 23880 | D:13     | Identified the +10 plate armour "Ykhanaem" {Dex+3}
 24149 | D:13     | Found a sparkling altar of Nemelex Xobeh.
 24501 | D:14     | Noticed Rupert
 24508 | D:14     | Killed Rupert
 24509 | D:14     | Reached XP level 15. HP: 130/130 MP: 10/15
 24807 | D:14     | Found a runed translucent door.
 24875 | D:14     | Received a gift from Trog
 25286 | D:14     | Found a gate to the Vaults.
 25293 | D:14     | Reached skill level 10 in Armour
 25559 | D:14     | Found a runed translucent door.
 25596 | D:14     | Noticed Jorgrun
 25618 | D:14     | Killed Jorgrun
 25702 | D:14     | Identified the ring of Poerorec {rCorr SInv}
 26449 | Orc:1    | Entered Level 1 of the Orcish Mines
 26501 | Orc:1    | Found a frozen archway.
 26658 | IceCv    | Entered an ice cave
 27215 | Orc:1    | Received a gift from Trog
 27625 | Orc:2    | Entered Level 2 of the Orcish Mines
 28011 | Orc:2    | Found a staircase to the Elven Halls.
 28065 | Orc:2    | Noticed Sonja
 28066 | Orc:2    | Sonja changed into Sonja the basilisk
 28066 | Orc:2    | Noticed Sonja
 28074 | Orc:2    | Killed Sonja the basilisk
 28367 | Orc:2    | Noticed Nessos
 28369 | Orc:2    | Nessos changed into Nessos the komodo dragon
 28369 | Orc:2    | Noticed Nessos
 28373 | Orc:2    | Killed Nessos the komodo dragon
 28773 | Orc:2    | Found Wosusit Jei's Antique Weapon Emporium.
 28773 | Orc:2    | Found Ymumyw's Magic Scroll Shop.
 28775 | Orc:2    | Found Tiubatz's Antique Armour Boutique.
 28777 | Orc:2    | Found Effamom's Antique Armour Shoppe.
 28786 | Orc:2    | Bought a scroll of blinking for 112 gold pieces
 28788 | Orc:2    | Bought a steaming kite shield for 228 gold pieces
 28788 | Orc:2    | Identified the +3 kite shield "Geizo" {+Blink rCorr Int+3}
                  | (You bought it in a shop on level 2 of the Orcish Mines)
 28803 | Orc:2    | Bought 2 scrolls of summoning for 285 gold pieces
 28803 | Orc:2    | Bought a scroll of magic mapping for 112 gold pieces
 28803 | Orc:2    | Bought a scroll of immolation for 60 gold pieces
 29226 | Snake:1  | Entered Level 1 of the Snake Pit
 29226 | Snake:1  | Found Suudwargh's Neck Hole.
 29233 | Snake:1  | Reached skill level 10 in Dodging
 29235 | Snake:1  | Reached skill level 1 in Shields
 29242 | Snake:1  | Found a transporter.
 29433 | Snake:1  | Bought an amulet of reflection for 360 gold pieces
 29453 | Snake:1  | Noticed Aizul
 29472 | Snake:1  | Killed Aizul
 29489 | Snake:1  | Identified the +11 war axe of Prescription {heavy, rElec
                  | rN+ Str+2}
 29491 | Snake:1  | Reached XP level 16. HP: 111/139 MP: 5/16
 29783 | Snake:1  | Received a gift from Trog
 30170 | Snake:1  | Found a transporter.
 30218 | Snake:1  | Noticed a tentacled starspawn
 30789 | Snake:1  | Noticed Kemp's ghost (adept MiMo)
 30790 | Snake:1  | Found a one-way gate to the infinite horrors of the Abyss.
 31476 | Snake:2  | Reached skill level 5 in Shields
 32013 | Snake:2  | Identified the +5 ring mail of the Mackerel {rElec rF+
                  | Str+3}
 32109 | Snake:2  | Noticed Mlioglotl
 32115 | Snake:2  | Killed Mlioglotl
 32727 | Snake:2  | Noticed Kirke
 32736 | Snake:2  | Killed Kirke
 33261 | Snake:3  | Received a gift from Trog
 33625 | Snake:3  | Reached skill level 10 in Shields
 34030 | Snake:3  | Gained mutation: You punish those that try to bend your
                  | will. (Will+) [demonic ancestry]
 34030 | Snake:3  | Reached XP level 17. HP: 145/145 MP: 17/17
 34298 | Snake:3  | Found a stormy altar of Qazlal.
 34823 | Snake:4  | Entered Level 4 of the Snake Pit
 35036 | Snake:4  | Reached ****** piety under Trog
 35039 | Snake:4  | Received a gift from Trog
 35151 | Snake:4  | Found Zycem's Vocational Training.
 35158 | Snake:4  | Bought a manual of Evocations for 1040 gold pieces
 35199 | Snake:4  | Found Iderchif's Weapon Boutique.
 35200 | Snake:4  | Found Toujouf's Book Boutique.
 35200 | Snake:4  | Found Cetzotad's Magic Scroll Shop.
 35205 | Snake:4  | Found Kuliuth's Armour Shop.
 35294 | Snake:4  | Bought a scroll of blinking for 150 gold pieces
 35294 | Snake:4  | Bought a scroll of enchant armour for 150 gold pieces
 35504 | Snake:4  | Noticed Vashnia
 35594 | Snake:4  | Killed Vashnia
 36086 | Snake:4  | Received a gift from Trog
 36394 | Snake:4  | Got a serpentine rune of Zot
 37650 | D:14     | Reached skill level 1 in Evocations
 37651 | D:14     | Reached skill level 2 in Evocations
 37946 | Lair:3   | Reached skill level 3 in Evocations
 37967 | Lair:3   | Killed FacelessVoid's ghost
 37968 | Lair:3   | Reached skill level 4 in Evocations
 38135 | Shoals:1 | Entered Level 1 of the Shoals
 38630 | Shoals:1 | Reached skill level 5 in Evocations
 38962 | Shoals:1 | Reached XP level 18. HP: 153/153 MP: 18/18
 39661 | Shoals:2 | Reached skill level 6 in Evocations
 39788 | Shoals:2 | Reached skill level 7 in Evocations
 39788 | Shoals:2 | Reached XP level 19. HP: 159/159 MP: 19/19
 40320 | Shoals:2 | Found Lir Zuom's Antique Weapon Emporium.
 40587 | Shoals:3 | Reached skill level 8 in Evocations
 41173 | Shoals:3 | Received a gift from Trog
 41570 | Shoals:3 | Noticed Ilsuiw
 41607 | Shoals:2 | Killed Ilsuiw
 41952 | Shoals:3 | Reached skill level 9 in Evocations
 42116 | Shoals:3 | Found a runed translucent gate.
 42117 | Shoals:3 | Found a runed translucent gate.
 42118 | Shoals:3 | Found a runed translucent gate.
 42120 | Shoals:3 | Noticed Zilibas's ghost (adept MiBe)
 42901 | Shoals:3 | Identified the +1 pair of boots of Inviolability {-Cast
                  | rCorr Dex+4}
 42940 | Shoals:4 | Entered Level 4 of the Shoals
 43284 | Shoals:4 | Reached skill level 10 in Evocations
 43544 | Shoals:4 | Received a gift from Trog
 43571 | Shoals:4 | Got a barnacled rune of Zot
 44123 | Shoals:4 | Reached skill level 11 in Evocations
 44769 | Elf:1    | Entered Level 1 of the Elven Halls
 44792 | Elf:1    | Found a transporter.
 44793 | Elf:1    | Found a shimmering blue altar of Sif Muna.
 44793 | Elf:1    | Found Suetu's Book Shoppe.
 44796 | Elf:1    | Paralysed by an air elemental for 1 turns
 44935 | Elf:1    | Identified the +10 hand axe of Corruption {flame, Will+
                  | Dex+5} (Trog gifted it to you on level 1 of the Elven
                  | Halls)
 44935 | Elf:1    | Received a gift from Trog
 45245 | Elf:1    | Reached skill level 12 in Evocations
 45569 | Elf:2    | Found a runed translucent gate.
 45569 | Elf:2    | Found a runed translucent gate.
 45570 | Elf:2    | Found a runed translucent gate.
 45570 | Elf:2    | Found an opulent altar of Gozag.
 45570 | Elf:2    | Noticed Qiokh's ghost (veteran MiBe)
 45573 | Elf:2    | Found Imoy's Assorted Antiques.
 45574 | Elf:2    | Found Ganwuej's Assorted Antiques.
 45668 | Elf:2    | Gained mutation: You are resistant to unholy torment.
                  | [demonic ancestry]
 45668 | Elf:2    | Reached XP level 20. HP: 171/171 MP: 20/20
 45682 | Elf:2    | Found Obivoshra's Antique Armour Shop.
 45692 | Elf:2    | Bought a pair of pitted gloves for 418 gold pieces
 45692 | Elf:2    | Identified the +1 pair of gloves "Amih" {Dex+3} (You bought
                  | it in a shop on level 2 of the Elven Halls)
 45903 | Elf:2    | Identified the +8 broad axe "Foirib" {antimagic, Fly rPois
                  | Will++ Stlth-} (Trog gifted it to you on level 2 of the
                  | Elven Halls)
 45903 | Elf:2    | Received a gift from Trog
 45920 | Elf:2    | Found a runed translucent gate.
 45921 | Elf:2    | Found a runed translucent gate.
 45921 | Elf:2    | Found a runed translucent gate.
 46018 | Elf:3    | Entered Level 3 of the Elven Halls
 46044 | Elf:3    | Found Mubakog's Jewellery Shoppe.
 46142 | Elf:3    | Reached skill level 13 in Evocations
 46993 | Elf:3    | Reached skill level 14 in Evocations
 47088 | Elf:3    | Received a gift from Trog
 47299 | Elf:3    | Identified the ring of Plog {rF- Will+ Str+2 Dex+9 SInv}
 47342 | Elf:3    | Identified the ring "Angogu Yliu" {Fire Drain rElec Dex+3}
 47645 | Elf:3    | Identified the +2 ring mail of Joy {MP+9 Str+3 Int+2}
 47651 | Elf:3    | Identified the +1 pair of boots "Dof Kalo" {Str+4}
 47899 | Elf:2    | Killed Qiokh's ghost
 47965 | Elf:2    | Bought a scroll of enchant weapon for 247 gold pieces
 47965 | Elf:2    | Bought a potion of resistance for 330 gold pieces
 47965 | Elf:2    | Bought 2 potions of mutation for 528 gold pieces
 47971 | Elf:2    | Bought a potion of might for 92 gold pieces
 48213 | Vaults:1 | Entered Level 1 of the Vaults
 48888 | Vaults:1 | Received a gift from Trog
 49227 | Vaults:1 | Noticed Nikola
 49238 | Vaults:1 | Killed Nikola
 49407 | Vaults:1 | Reached skill level 15 in Evocations
 49856 | Vaults:1 | Reached XP level 21. HP: 167/181 MP: 21/21
 50283 | Vaults:1 | Received a gift from Trog
 50644 | Vaults:2 | Reached skill level 15 in Armour
 51337 | Vaults:2 | Reached skill level 15 in Shields
 51533 | Vaults:2 | Received a gift from Trog
 51577 | Vaults:2 | Identified the +3 buckler "Sitar" {rC- rCorr Int+3}
 51940 | Vaults:3 | Found the ring of the Octopus King
 51948 | Vaults:3 | Identified a ring of the Octopus King {Wiz HP+2 AC+2 EV+2
                  | SH+2}
 52317 | Vaults:3 | Received a gift from Trog
 52320 | Vaults:3 | Identified the +6 lajatang of Parts Unknown {flame, +Blink
                  | rC+}
 52402 | Vaults:3 | Identified the +9 falchion of Harmony {protect, rCorr Int+3
                  | SInv}
 53051 | Vaults:3 | Noticed Frederick
 53064 | Vaults:3 | Killed Frederick
 53065 | Vaults:3 | Reached XP level 22. HP: 190/190 MP: 22/22
 53088 | Vaults:3 | Received a gift from Trog
 53253 | Vaults:3 | Noticed an ancient lich
 53261 | Vaults:3 | Killed an ancient lich
 53270 | Vaults:3 | Reached skill level 15 in Dodging
 53447 | Vaults:3 | Found a staircase to the Crypt.
 53474 | Vaults:3 | Found Fiapifeg's Book Emporium.
 53638 | Vaults:3 | Found Nelogub's Armour Shoppe.
 54032 | Vaults:3 | Identified the +1 helmet "Ketiobba" {MP-9 Str+5}
 54077 | Vaults:3 | Identified the ring "Kitezekh" {rF+ rCorr Stlth+}
 54648 | Vaults:4 | Received a gift from Trog
 54770 | Vaults:4 | Identified the +3 leather armour "Hismantu" {rCorr}
 55421 | Vaults:4 | Identified the ring "Qelouq" {Fire Dex+3}
 56097 | D:15     | Entered Level 15 of the Dungeon
 56342 | D:15     | Received a gift from Trog
 56465 | D:15     | Found a staircase to the Depths.
 56564 | Depths:1 | Entered Level 1 of the Depths
 57560 | Depths:1 | Found a gateway to Hell.
 57702 | Depths:2 | Received a gift from Trog
 57874 | Depths:2 | Gained mutation: When seriously injured, your blood forms
                  | very thick armour. (AC +0) [demonic ancestry]
 57874 | Depths:2 | Reached XP level 23. HP: 178/196 MP: 7/23
 58041 | Depths:2 | Found a one-way gate leading to the halls of Pandemonium.
 60022 | Depths:4 | Entered Level 4 of the Depths
 60031 | Depths:4 | Received a gift from Trog
 60046 | Depths:4 | Found Yleuc's Weapon Shop.
 60988 | Depths:4 | Found a one-way gateway to a ziggurat.
 61146 | Depths:4 | Found a gate to the Realm of Zot.
 61208 | Depths:4 | Identified the +5 glaive "Okheu" {protect, Dex+4 SInv}
 61322 | Depths:4 | Found Boedob's Distillery.
 61324 | Depths:4 | Found Uwuskueph's Jewellery Shop.
 61326 | Depths:4 | Found Laxzic's Jewellery Boutique.
 61336 | Depths:4 | Bought an amulet of regeneration for 570 gold pieces
 61350 | Depths:4 | Bought a potion of haste for 140 gold pieces
 61350 | Depths:4 | Bought a potion of resistance for 140 gold pieces
 61350 | Depths:4 | Bought a potion of haste for 140 gold pieces
 61350 | Depths:4 | Bought 2 potions of might for 112 gold pieces
 61350 | Depths:4 | Bought a potion of heal wounds for 70 gold pieces
 61350 | Depths:4 | Bought a potion of heal wounds for 70 gold pieces
 61374 | Depths:4 | Received a gift from Trog
 61555 | Depths:4 | Noticed a juggernaut
 61567 | Depths:4 | Killed a juggernaut
 61971 | Crypt:1  | Entered Level 1 of the Crypt
 62540 | Crypt:1  | Identified the +11 quarterstaff of Instant Death {flame,
                  | Will+}
 63255 | Crypt:2  | Reached XP level 24. HP: 176/203 MP: 23/23
 63314 | Crypt:2  | Received a gift from Trog
 63764 | Crypt:3  | Entered Level 3 of the Crypt
 63849 | Crypt:3  | Noticed Sojobo
 63851 | Crypt:3  | Paralysed by an air elemental for 1 turns
 63854 | Crypt:3  | Paralysed by an air elemental for 1 turns
 63858 | Crypt:3  | Killed Sojobo
 64516 | Crypt:3  | Received a gift from Trog
 64536 | Crypt:3  | Noticed an ancient lich
 64546 | Crypt:3  | Found a staircase to the Tomb.
 65153 | Crypt:3  | Killed an ancient lich
 65635 | Crypt:3  | Identified the ring of the Falcon {Drain rElec rF+++ Str+6
                  | Int-4}
 65856 | Crypt:3  | Found a basalt altar of Yredelemnul.
 65860 | Crypt:3  | Found an ancient bone altar of Kikubaaqudgha.
 65865 | Crypt:3  | Found the +7 sceptre of Torment {pain, torment}
 65872 | Crypt:3  | Identified the +5 long sword of Qamaopn {heavy, Int+2}
 65914 | Crypt:3  | Identified the ring "Kiuhest" {rN+ Will+}
 65914 | Crypt:3  | Identified the ring "Gezatwul" {rN+ Int+3 Dex+6}
 66281 | Depths:2 | Voluntarily entered the Abyss.
 66484 | Abyss:3  | Found a corrupted altar of Lugonu.
 66555 | Abyss:3  | Found a corrupted altar of Lugonu.
 66558 | Abyss:3  | Received a gift from Trog
 66602 | Abyss:3  | Found a corrupted altar of Lugonu.
 66655 | Abyss:3  | Found a corrupted altar of Lugonu.
 66782 | Abyss:3  | Found a corrupted altar of Lugonu.
 66893 | Abyss:3  | Found a corrupted altar of Lugonu.
 66922 | Abyss:3  | Found a corrupted altar of Lugonu.
 66934 | Abyss:3  | Found a corrupted altar of Lugonu.
 66970 | Abyss:3  | Identified the +8 hand axe "Tumuc" {heavy, rCorr Int-2
                  | Dex-3 SInv} (Trog gifted it to you on level 3 of the Abyss)
 66970 | Abyss:3  | Received a gift from Trog
 67004 | Abyss:3  | Found a corrupted altar of Lugonu.
 67045 | Abyss:3  | Found a corrupted altar of Lugonu.
 67191 | Abyss:3  | Found a corrupted altar of Lugonu.
 67196 | Abyss:3  | Found a corrupted altar of Lugonu.
 67290 | Abyss:3  | Found a corrupted altar of Lugonu.
 67329 | Abyss:3  | Paralysed by accursed screaming for 1 turns
 67358 | Abyss:3  | Gained mutation: You can hurl damnation. [demonic ancestry]
 67358 | Abyss:3  | Reached XP level 25. HP: 83/210 MP: 7/23
 67361 | Abyss:3  | Received a gift from Trog
 67409 | Abyss:3  | Got an abyssal rune of Zot
 67434 | Abyss:4  | Found a corrupted altar of Lugonu.
 67453 | Depths:2 | Escaped the Abyss
 67645 | Zot:1    | Entered Level 1 of the Realm of Zot
 68977 | Zot:1    | Reached skill level 1 in Throwing
 69157 | Zot:1    | Received a gift from Trog
 69158 | Zot:1    | Reached skill level 5 in Throwing
 69436 | Zot:1    | Found a runed translucent door.
 69440 | Zot:1    | Found a shimmering altar of Xom.
 69440 | Zot:1    | Noticed Zeaxzic Paph's ghost (veteran OgBe)
 69440 | Zot:1    | Identified the +4 war axe "bakla's Death" {chaos, *Slow
                  | rElec Str+6}
 71283 | Zot:2    | Reached skill level 10 in Throwing
 71915 | Zot:3    | Received a gift from Trog
 71994 | Zot:3    | Reached skill level 16 in Evocations
 72779 | Zot:3    | Identified the +4 double sword "Wosk" {distort, rPois rC-
                  | Will+ Stlth+}
 73308 | Zot:4    | Identified the ring of Caref {Ice Str+3}
 73308 | Zot:4    | Noticed Josephina
 73316 | Zot:4    | Noticed an orb of fire
 73317 | Zot:4    | Gained mutation: You occasionally lose the ability to read
                  | scrolls when taking damage. [an orb of fire]
 73646 | Zot:4    | Noticed Grunn
 73655 | Zot:4    | Reached skill level 17 in Evocations
 73669 | Zot:4    | Killed Grunn
 73670 | Zot:4    | Reached XP level 26. HP: 215/215 MP: 23/23
 73901 | Zot:4    | Found a transporter.
 73908 | Zot:4    | Noticed Zeaxzic Paph's ghost (veteran OgBe)
 73965 | Zot:4    | Found a transporter.
 73995 | Zot:4    | Gained mutation: You are somewhat resistant to further
                  | mutation. [an orb of fire]
 74003 | Zot:4    | Gained mutation: Your magical capacity is low. (-10% MP)
                  | [an orb of fire]
 74004 | Zot:4    | Killed an orb of fire
 74005 | Zot:4    | Reached skill level 18 in Evocations
 74108 | Zot:4    | Killed Josephina
 74114 | Zot:4    | Received a gift from Trog
 75256 | Zot:5    | Entered Level 5 of the Realm of Zot
 75333 | Zot:5    | Noticed an ancient lich
 75333 | Zot:5    | Noticed a dread lich
 75333 | Zot:5    | Noticed an orb of fire
 75340 | Zot:5    | Noticed a dread lich
 75342 | Zot:5    | Killed an ancient lich
 75345 | Zot:5    | Gained mutation: Armour fits poorly on your strangely
                  | shaped body. [an orb of fire]
 75346 | Zot:5    | Reached skill level 19 in Evocations
 75347 | Zot:5    | Killed an orb of fire
 75351 | Zot:5    | Killed a dread lich
 75385 | Zot:5    | Killed a dread lich
 75387 | Zot:5    | Reached skill level 20 in Evocations
 75408 | Zot:5    | Found the +4 dragonskin cloak
 75408 | Zot:5    | Noticed Tiamat
 75429 | Zot:5    | Killed Tiamat
 75465 | Zot:5    | Noticed an ancient lich
 75466 | Zot:5    | Noticed an orb of fire
 75486 | Zot:5    | Lost mutation: You possess an exceptional clarity of mind.
                  | [an orb of fire]
 75487 | Zot:5    | Noticed a dread lich
 75491 | Zot:5    | Paralysed by a Zot trap for 5 turns
 75846 | Zot:5    | Reached skill level 21 in Evocations
 75898 | Zot:5    | Noticed a dread lich
 75914 | Zot:5    | Killed a dread lich
 76171 | Zot:5    | Noticed a dread lich
 76191 | Zot:5    | Killed a dread lich
 76225 | Zot:5    | Noticed a dread lich
 76235 | Zot:5    | Killed a dread lich
 76240 | Zot:5    | Killed a dread lich
 76260 | Zot:5    | Got the Orb of Zot
 76341 | Zot:2    | Noticed Jolomemo the pandemonium lord
 76414 | Depths:4 | Reached skill level 22 in Evocations
 76415 | Depths:4 | Noticed Gion the pandemonium lord
 76450 | Depths:3 | Killed Gion the pandemonium lord
 76535 | D:15     | Noticed a seraph
 76849 | D:$      | Escaped with the Orb!

Illustrated notes

Levels and vault maps discovered:
D:1:      mrwooster_arrival_statue_2, layout_basic,
          hangedman_decor_diamond_cutter
D:2:      layout_rooms
D:3:      layout_rooms, lemuel_round_altar, serial_shops,
          nicolae_shop_overgrown_old_shop, uniq_natasha, uniq_ijyb
D:4:      layout_basic, mainiacjoe_overflow_tiny_flanked, amcnicky_altar_gilded,
          temple_statues
D:5:      layout_layer_cave, makhleb_grotto_becter,
          nicolae_gozag_zags_fifth_avenue, minmay_shop_enchanted_jewellery,
          uniq_blork_the_orc
D:6:      layout_basic, nicolae_ossuary_entry_monument, uniq_duvessa
D:7:      layout_loops_ring, gammafunk_temple_overflow_arena, uniq_maggie
D:8:      layout_loops_corners, tso_altar, kennysheep_path_1,
          nicolae_diode_quadrants
D:9:      layout_loops_corners, grunt_temple_overflow_open
D:10:     layout_stronghold, general_overflow_altar, erik_lair_dragon
D:11:     layout_basic, nzn_ghost_randoct, palyth_stone_intersect
D:12:     layout_rooms, orc_0_dummy, serial_curves, eino_curves_02,
          eino_curves_03
D:13:     layout_roguey, nemelex_diamond_rough_becter
D:14:     layout_basic, grunt_vaults_entry_tiered, grunt_decor_clamped,
          minmay_st_funbox, kennysheep_treasure_room, uniq_jorgrun, uniq_rupert
D:15:     grunt_enter_depths_magical_seal, layout_basic, serial_undead,
          serial_undead_c, serial_undead_b, serial_undead_a, serial_undead_e,
          serial_undead_d
Lair:1:   layout_long_grid, basic_altar, st_stairs_10, uniq_fannar
Lair:2:   layout_chaotic_city, pdpol_lair_neglected_garden, minmay_holes,
          beast_lair_carwin_6
Lair:3:   layout_regular_city, nicolae_shoals_entry_roost,
          minmay_snake_entry_guardpost_small, ebering_ghost_funeral_grove
Lair:4:   layout_hall_layers
Lair:5:   due_jungle_book, layout_cellular_growth, slime_entry_1,
          grunt_megastairs_4
Shoals:1: layout_shoals
Shoals:2: layout_shoals, serial_shops, shop
Shoals:3: layout_shoals, gammafunk_ghost_tricky_traps,
          nicolae_shoals_spring_well_temple, uniq_ilsuiw
Shoals:4: shoals_end_simple, layout_shoals
Snake:1:  layout_rooms, gammafunk_ghost_abyssal_escape, st_stairs_10,
          nicolae_shop_sticking_my_neck_out, uniq_aizul
Snake:2:  layout_basic, nicolae_triple_integral, uniq_kirke, uniq_mlioglotl
Snake:3:  nicolae_snakescales, layout_onion_interference, basic_altar
Snake:4:  johnstein_snake_rune_scales, layout_layer_cave,
          nicolae_shop_vocational, serial_bayou_shore_a, grunt_megastairs_3,
          minmay_shoptagon
Orc:1:    layout_caves, portal_ice_cave_entry_imps, basic_altar
Orc:2:    st_orc_rangers, layout_caves, mines4_lemuel, uniq_nessos, uniq_sonja
Elf:1:    gammafunk_sealed_library, layout_rooms, serial_shops, shop,
          hangedman_corner_corridor
Elf:2:    nicolae_elf_blades_crystal_corner, layout_gridlike, serial_shops,
          nicolae_shop_stone, ebering_ghost_gozag
Elf:3:    grunt_elf_hall_asides, layout_geoelf_grid, serial_shops,
          nicolae_shop_hallway_plus
Vaults:1: hangedman_vaults_capsules, vaults_dpeg_cross,
          nicolae_vaults_angled_halls, v_misc_3, grunt_vaults_swirl,
          v_pattern_1, nicolae_vaults_ring_of_whatevers, ontoclasm_vaults_eye,
          hangedman_vaults_maws, vaults_room_pool, layout_vaults_quadrants,
          uniq_nikola
Vaults:2: nicolae_vaults_what_the_h, hangedman_vaults_impose,
          nicolae_vaults_network_quinsquares
          [nicolae_vaults_network_quincunx_subvault,
          nicolae_vaults_network_quincunx_subvault,
          nicolae_vaults_network_quincunx_subvault,
          nicolae_vaults_network_quincunx_subvault], v_alt_pattern_2,
          ontoclasm_vaults_chip, grunt_vaults_funnel, nicolae_vaults_triangles,
          vaults_dpeg_diagonal, layout_vaults_maze_bifur, uniq_margery
Vaults:3: v_misc_2, v_misc_10, nicolae_vaults_hallways_thing,
          dpeg_vaults_monster_row, hangedman_vaults_locks, st_greater_box_4,
          hangedman_vaults_corner, blue_anna_dwarven_crypt,
          ontoclasm_vaults_spin, nicolae_vaults_big_angled_halls,
          ontoclasm_vaults_fault, nicolae_vaults_gold_heap,
          vaults_room_mumra_shop_pool, layout_vaults_omnibox, serial_shops,
          shop_fountains, uniq_frederick
Vaults:4: hangedman_vaults_stretched_pinwheel, nicolae_vaults_rhombus_7,
          vaults_room_ringed_pool, ontoclasm_vaults_claustrophobia,
          nicolae_vaults_network_s, grunt_vaults_twisty, v_misc_22,
          ontoclasm_vaults_pinch, nicolae_vaults_quartermaster,
          grunt_vaults_focal, hangedman_vaults_slice, layout_vaults_omnicross
Crypt:1:  layout_gridlike, st_stairs_14, minivault_4,
          roderic_lattice_octagonal_star
Crypt:2:  layout_chaotic_city
Crypt:3:  lightli_unholy_cathedral, layout_chaotic_city, minivault_4,
          minicrypt_bobbens, grunt_megastairs_1, uniq_sojobo
Depths:1: layout_big_octagon, hellmouth_1, kennysheep_underground_church,
          firewood_loft
Depths:2: kennysheep_bubbly, layout_cave_pools, pf_coc_iceberg, abyss_entry,
          chequers_hall_statues_y, pan_entry, lemuel_old_faithful,
          infiniplex_staircase_diamond
Depths:3: kennysheep_ambush_hall, layout_honeycomb, hell_entry,
          abyss_entry_small_statue_room, serial_bayou_lagoon_a,
          infiniplex_staircase_zigzag_1, serial_bayou_shore_b
Depths:4: grunt_twist_and_shout, layout_twisted_cross, enter_ziggurat_c,
          hell_entry, pan_entry, minmay_misc_feat_five, serial_shops, shop,
          nicolae_wooded_promenade
Zot:1:    layout_gridlike, ebering_ghost_xom, bh_zot_levy_curve
Zot:2:    layout_misc_corridors, grunt_megastairs_5
Zot:3:    layout_concentric_octagons, grunt_megastairs_2
Zot:4:    layout_misc_corridors, gammafunk_ghost_berserking_beasts,
          uniq_josephina, uniq_grunn
Zot:5:    layout_misc_corridors, st_stairs_8, uniq_tiamat

Skill      XL: |  1  2  3  4  5  6  7  8  9 10 11 12 13 14 15 16 17 18 19 20 21 22 23 24 25 26 |
---------------+-------------------------------------------------------------------------------+-----
Axes           | 3 4 5 6 7 9 10 12 14 15 16 17 19 | 19.6
Fighting       | 4 5 6 7 8 9 11 12 14 15 16 18 19 20 | 20.0
Armour         | 2 4 5 7 8 9 10 12 14 15 20 | 20.0
Dodging        | 2 5 6 8 10 14 15 17 19 | 19.7
Shields        | 1 10 14 15 17 19 | 19.7
Evocations     | 5 7 12 15 17 22 | 22.2
Throwing       | 10 | 10.0

Action                     |  1- 3 |  4- 6 |  7- 9 | 10-12 | 13-15 | 16-18 | 19-21 | 22-24 | 25-27 || total
---------------------------+-------+-------+-------+-------+-------+-------+-------+-------+-------++-------
  Melee: Hand axe          |    58 |    87 |       |       |       |       |       |       |       ||   145
         Headbutt          |       |    18 |    36 |    62 |   168 |   102 |   266 |   494 |   320 ||  1466
         Battleaxe         |       |     5 |   150 |   248 |   692 |    39 |       |       |       ||  1134
         War axe           |       |       |       |       |       |   418 |   786 |   638 |       ||  1842
         Broad axe         |       |       |       |       |       |       |   187 |   903 |   871 ||  1961
  Throw: Dart              |       |       |       |     1 |     3 |       |     2 |     1 |       ||     7
         Throwing net      |       |       |       |       |       |       |     2 |     1 |       ||     3
 Invoke: Berserk           |     2 |     4 |     4 |    10 |    22 |    10 |     6 |    11 |     4 ||    73
         Trog's Hand       |       |       |       |       |       |     3 |     1 |     2 |     4 ||    10
         Brothers in Arms  |       |       |       |       |       |     1 |     1 |     1 |     6 ||     9
  Evoke: Wand              |       |       |       |     4 |     4 |    14 |    12 |       |     5 ||    39
         Phantom mirror    |       |       |       |       |     1 |     2 |     3 |     1 |     5 ||    12
         Condenser vane    |       |       |       |       |       |     1 |       |     1 |     6 ||     8
         Phial of floods   |       |       |       |       |       |       |     3 |     3 |     2 ||     8
         Lightning rod     |       |       |       |       |       |       |       |     4 |     4 ||     8
         Box of beasts     |       |       |       |       |       |       |       |       |     3 ||     3
    Use: Scroll            |    10 |     1 |     7 |     6 |     7 |     5 |    19 |     8 |    22 ||    85
         Potion            |       |       |     1 |       |     1 |    10 |     6 |     3 |    12 ||    33
   Stab: Sleeping          |       |     1 |       |     1 |       |       |       |       |       ||     2
         Confused          |       |       |       |     1 |       |       |       |       |       ||     1
         Distracted        |       |       |       |       |       |       |     1 |       |     3 ||     4
 Armour: Animal skin       |     7 |    10 |       |       |       |       |       |       |       ||    17
         Ring mail         |       |    13 |     6 |       |       |       |       |       |       ||    19
         Plate armour      |       |       |    64 |    25 |   197 |    32 |   332 |   488 |   112 ||  1250
         Acid dragon scale |       |       |       |    72 |   137 |       |       |       |       ||   209
         Chain mail        |       |       |       |       |    15 |   117 |       |       |       ||   132
         Gold dragon scale |       |       |       |       |       |       |       |       |   342 ||   342
  Dodge: Dodged            |    31 |    60 |    47 |   118 |   428 |   167 |   325 |   784 |   682 ||  2642
         Repelled          |       |       |       |       |       |       |    12 |       |       ||    12
  Block: Other             |       |       |       |       |     4 |    10 |       |       |       ||    14
         Kite shield       |       |       |       |       |       |   458 |   970 |  1591 |   963 ||  3982
         Reflection        |       |       |       |       |       |    88 |   112 |    16 |       ||   216

Table legend: (Time is in decaauts)
 A = Elapsed time spent in this place.
 B = Non-inter-level travel time spent in this place.
 C = Inter-level travel time spent in this place.
 D = Time resting spent in this place.
 E = Time spent auto-exploring this place.
 F = Levels seen in this place.
 G = Mean time per level.
                   A        B        C        D        E       F      G
               +--------+--------+--------+--------+--------+-----+--------+
         Total |  77506 |  71227 |   6279 |  25349 |  32429 |  55 | 1409.2 |
       Dungeon |  20811 |  18392 |   2419 |   6114 |   9904 |  15 | 1387.4 |
          Lair |   9673 |   8859 |    814 |   3952 |   3908 |   5 | 1934.6 |
        Shoals |   7111 |   6552 |    559 |   2998 |   2277 |   4 | 1777.8 |
     Snake Pit |   7580 |   7376 |    204 |   3805 |   2107 |   4 | 1895.0 |
  Orcish Mines |   2058 |   1901 |    157 |    567 |    968 |   2 | 1029.0 |
   Elven Halls |   3425 |   2987 |    438 |    878 |   1176 |   3 | 1141.7 |
        Vaults |   8102 |   7741 |    361 |   1693 |   4562 |   4 | 2025.5 |
         Crypt |   4203 |   4058 |    145 |   1212 |   1746 |   3 | 1401.0 |
        Depths |   5493 |   4684 |    809 |   1244 |   2475 |   4 | 1373.2 |
           Zot |   6990 |   6622 |    368 |   2499 |   2710 |   5 | 1398.0 |
         Abyss |   1088 |   1088 |      0 |     32 |    358 |   4 |  272.0 |
       Ossuary |    463 |    463 |      0 |    194 |     94 |   1 |  463.0 |
      Ice Cave |    504 |    504 |      0 |    157 |    142 |   1 |  504.0 |
               +--------+--------+--------+--------+--------+-----+--------+

Top non-repeatable levels by time:
  Lair:5: 3054 daAuts
 Snake:2: 2929 daAuts
    D:14: 2810 daAuts
    D:11: 2660 daAuts
Vaults:3: 2638 daAuts
Vaults:1: 2371 daAuts
  Lair:1: 2176 daAuts
 Crypt:3: 2067 daAuts
  Lair:3: 2021 daAuts
 Snake:4: 1946 daAuts
   Zot:4: 1938 daAuts
Shoals:2: 1934 daAuts
Depths:4: 1899 daAuts
Shoals:4: 1869 daAuts
   Elf:3: 1839 daAuts
